 Dungeon Crawl Stone Soup version 0.30.0 (webtiles) character file.

Game seed: 5818174538664943575

1471 Falcon16 the Chopper (level 9, -5/65 HPs)
             Began as a Formicid Earth Elementalist on Nov 22, 2023.
             Slain by Pikel
             ... wielding a +2 whip of electrocution
              (20 damage)
             ... on level 6 of the Dungeon.
             The game lasted 00:31:33 (3621 turns).

Falcon16 the Chopper (Formicid Earth Elementalist)  Turns: 3621, Time: 00:31:34

Health: -5/65      AC: 14    Str: 17    XL:     9   Next: 6%
Magic:  13/13      EV:  6    Int: 17    God:
Gold:   286        SH:  0    Dex: 16    Spells: 12/13 levels left

rFire   + . .        y - +12 broad axe of the Lost Underlurkers {spect, Str+2 Int+2 Stlth-}
rCold   + . .        (no shield)
rNeg    . . .        o - +1 plate armour
rPois   .            (helmet unavailable)
rElec   .            (no cloak)
rCorr   .            (no gloves)
SInv    +            l - +0 pair of boots
Will    .....        h - amulet of the acrobat Stlth
                     j - ring of protection from fire
HPRegen 0.30/turn    I - ring of protection from cold
MPRegen 0.13/turn

%: acrobat
@: no status effects
A: permanent stasis, dig shafts and tunnels, antennae 3, four strong arms
a: Dig, Shaft Self


You were on level 6 of the Dungeon.
You visited 1 branch of the dungeon, and saw 6 of its levels.

You collected 382 gold pieces.
You spent 96 gold pieces at shops.

Inventory:

Hand Weapons
 c - a +0 dagger
 d - a +0 mace
 f - a +1 spear
 i - a +0 scythe
 n - a +0 flail
 t - the +8 whip of Eptirph {flame, rElec rPois Str+2}
   (You found it on level 2 of the Dungeon)

   Str:       It affects your strength (+2).
   rElec:     It insulates you from electricity.
   rPois:     It protects you from poison.
 y - the +12 broad axe of the Lost Underlurkers (weapon) {spect, Str+2 Int+2 Stlth-}
   (You acquired it on level 3 of the Dungeon)

   Str:       It affects your strength (+2).
   Int:       It affects your intelligence (+2).
   Stlth:     It makes you less stealthy.
 z - a +0 dagger
 E - a +0 great sword
Missiles
 m - 16 stones
 u - 3 poisoned darts
 F - 4 large rocks
 G - 3 throwing nets
Armour
 a - a +0 robe
 k - a +0 ring mail
 l - a +0 pair of boots (worn)
 o - a +1 plate armour (worn)
Magical Staves
 w - a staff of conjuration
Jewellery
 h - an amulet of the acrobat (around neck)
 j - a ring of protection from fire (left hand)
 I - a ring of protection from cold (right hand)
Wands
 x - a wand of light (5)
 K - a wand of flame (28) (quivered)
Scrolls
 g - 3 scrolls of fear
 v - 2 scrolls of identify
 A - a scroll of blinking
 B - a scroll of acquirement
 C - a scroll of enchant weapon
 H - a scroll of fog
Potions
 b - a potion of magic
 e - 4 potions of lignification
 p - 3 potions of flight
 q - a potion of haste
 r - 4 potions of heal wounds
 D - 2 potions of cancellation {unknown}
 J - a potion of berserk rage {unknown}


   Skills:
 + Level 3.6 Fighting
 + Level 5.3(6.1) Axes
 + Level 2.5(4.4) Maces & Flails
 + Level 3.2(4.9) Polearms
 + Level 1.3(3.0) Staves
 + Level 1.6 Throwing
 + Level 5.2 Armour
 + Level 2.1 Dodging
 + Level 3.5 Stealth
 + Level 2.9 Spellcasting
 + Level 1.1 Transmutations
 + Level 4.4 Earth Magic
 + Level 0.2 Evocations


You had 12 spell levels left.
You knew the following spells:

 Your Spells              Type           Power      Damage    Failure   Level
a - Sandblast             Erth           34%        2d9       75%         1

Your spell library contained the following spells:

 Spells                   Type           Power      Damage    Failure   Level
 Passwall                 Tmut/Erth      9%         N/A       98%         2
 Beastly Appendage        Tmut           12%        N/A       99%         1
 Wereblood                Tmut           6%         N/A       100%        2
 Dazzling Flash           Conj/Hex       4%         N/A       100%        3
 Spider Form              Tmut/Pois      4%         N/A       100%        3
 Stone Arrow              Conj/Erth      20%        3d8       100%        3
 Petrify                  Tmut/Erth      11%        N/A       100%        4
 Agony                    Necr           2%         N/A       100%        5
 Arcjolt                  Conj/Air       1%         1d11      100%        5
 Silence                  Hex/Air        1%         N/A       100%        5
 Maxwell's Capacitive Co  Air            1%         ∞         100%        8
 Vhi's Electric Charge    Tloc/Air       Unusable   N/A       N/A         3

Dungeon Overview and Level Annotations

Branches:
Dungeon (6/15)
 Temple: D:4-7

Altars:
Ashenzari
Dithmenos
Elyvilon
Kikubaaqudgha
Nemelex Xobeh
Vehumet
Xom

Shops:
D:2 !

Annotations:
D:6 Pikel


Innate Abilities, Weirdness & Mutations

You cannot be hasted, slowed, berserked, paralysed or teleported.
You can dig through walls and to a lower floor.
You have a pair of large antennae on your head. (SInv)
Your four strong arms can wield two-handed weapons with a shield.


Message History

Pikel is lightly wounded.
Aiming: Throw Flame
Press: ? - help, Q - select action, (/) - cycle Shift-Dir - straight line, f/p - Pikel
Aim: Pikel, wielding a +2 whip of electrocution and wearing a +0 robe (lightly wounded, 60% to hit)
The puff of flame hits Pikel.
Pikel is lightly wounded.
Pikel hits you with a +2 whip of electrocution!
You are electrocuted!!
You hit Pikel.
Pikel is moderately wounded.
You slash the lemure!
Pikel hits you with a +2 whip of electrocution.
The lemure hits you but does no damage.
You hit Pikel.
Pikel is moderately wounded.
You hit the lemure. The lemure hits you. Pikel hits you but does no damage.
The lemure hits you but does no damage. Pikel hits you but does no damage.
You are electrocuted!!
* * * LOW HITPOINT WARNING * * *
You barely miss Pikel.
Pikel is moderately wounded.
You slash the lemure!
You kill the lemure!
That felt strangely unrewarding.
Your +12 broad axe of the Lost Underlurkers {spect, Str+2 Int+2 Stlth-} hits Pikel.
Your +12 broad axe of the Lost Underlurkers {spect, Str+2 Int+2 Stlth-} closely misses the lemure.
The lemure hits your +12 broad axe of the Lost Underlurkers {spect, Str+2 Int+2 Stlth-}.
Your spectral weapon shares its damage with you!
* * * LOW HITPOINT WARNING * * *
Pikel hits you but does no damage.
You feel better.
Your +12 broad axe of the Lost Underlurkers {spect, Str+2 Int+2 Stlth-} disappears.
Pikel hits you with a +2 whip of electrocution.
* * * LOW HITPOINT WARNING * * *
You feel better. The lemure hits you.
* * * LOW HITPOINT WARNING * * *
Pikel hits you with a +2 whip of electrocution.
* * * LOW HITPOINT WARNING * * *
You are electrocuted!!
You die...

#.# #.# #.....#
#.###.###.#####
..........#
....##.###########
#.#.##.....#.....#
..#.#####.##.##.##
###.# ##.##.##.#
#.# #..#..#..# ...
##)##.##@## ...
#..#..#K5# ...
#)##.##5## #...#
##.##.##.# {
#.....#....?.55.
##########5..5..
#..5.. { ...>.
####


You could see Pikel and 2 lemures.

Vanquished Creatures
  Sigmund (D:3)
  Eustachio (D:4)
  2 water moccasins
  2 black bears
  An ogre (D:5)
  2 phantoms
  A lemure (D:6)
  Blork the orc (D:4)
  A howler monkey (D:6)
  4 hounds
  A gnoll bouda (D:5)
  2 jellies (D:5)
  An orc priest (D:4)
  Ijyb (D:3)
  5 gnolls
  4 adders
  An ufetubus (D:5)
  A worm (D:3)
  4 dart slugs
  4 orcs
  9 ball pythons
  4 bats
  8 endoplasms
  4 giant cockroaches
  5 goblins
  6 hobgoblins
  2 jackals (D:3)
  3 quokkas
  3 frilled lizards
  8 kobolds
  4 rats
96 creatures vanquished.

Notes
Turn   | Place    | Note
-------+----------+-------------------------------------------
     0 | D:1      | Falcon16 the Formicid Earth Elementalist began the quest
                  | for the Orb.
     0 | D:1      | Reached XP level 1. HP: 13/13 MP: 3/3
   192 | D:1      | Reached XP level 2. HP: 19/19 MP: 5/5
   354 | D:1      | Found a faded altar of an unknown god.
   755 | D:2      | Reached XP level 3. HP: 24/24 MP: 3/6
   833 | D:2      | Found Wamoatwe's Distillery.
   869 | D:2      | Reached skill level 1 in Polearms
  1121 | D:2      | Bought a potion of curing for 36 gold pieces
  1121 | D:2      | Bought a potion of heal wounds for 60 gold pieces
  1160 | D:2      | Identified the +8 whip of Eptirph {flame, rElec rPois
                  | Str+2}
  1267 | D:3      | Noticed Sigmund
  1276 | D:3      | Killed Sigmund
  1277 | D:3      | Reached skill level 1 in Fighting
  1277 | D:3      | Reached skill level 1 in Armour
  1277 | D:3      | Reached XP level 4. HP: 20/32 MP: 5/8
  1277 | D:3      | Reached XP level 5. HP: 24/37 MP: 5/9
  1277 | D:3      | Reached XP level 6. HP: 28/43 MP: 5/10
  1720 | D:3      | Noticed Ijyb
  1730 | D:3      | Killed Ijyb
  1990 | D:3      | Identified a scroll of acquirement
  1990 | D:3      | Acquired the +12 broad axe of the Lost Underlurkers {spect,
                  | Str+2 Int+2 Stlth-}
  2058 | D:4      | Reached skill level 1 in Maces & Flails
  2098 | D:4      | Found an ancient bone altar of Kikubaaqudgha.
  2098 | D:4      | Found a shadowy altar of Dithmenos.
  2125 | D:4      | Reached skill level 1 in Staves
  2125 | D:4      | Reached skill level 1 in Throwing
  2125 | D:4      | Reached XP level 7. HP: 47/49 MP: 11/11
  2167 | D:4      | Found a broken altar of Ashenzari.
  2169 | D:4      | Noticed Blork the orc
  2176 | D:4      | Killed Blork the orc
  2205 | D:4      | Found a sparkling altar of Nemelex Xobeh.
  2252 | D:4      | Found a radiant altar of Vehumet.
  2361 | D:4      | Found a white marble altar of Elyvilon.
  2399 | D:4      | Reached skill level 1 in Axes
  2505 | D:4      | Noticed Eustachio
  2532 | D:4      | Killed Eustachio
  2533 | D:4      | Reached XP level 8. HP: 56/57 MP: 12/12
  2547 | D:4      | Found a shimmering altar of Xom.
  2687 | D:5      | Entered Level 5 of the Dungeon
  3531 | D:6      | Reached skill level 5 in Axes
  3579 | D:6      | Reached skill level 5 in Armour
  3599 | D:6      | Reached XP level 9. HP: 54/65 MP: 13/13
  3605 | D:6      | Noticed Pikel
  3621 | D:6      | Slain by Pikel

Illustrated notes

Levels and vault maps discovered:
D:1:      minmay_arrival_solitary_statue, layout_basic,
          ebering_ecumenical_altar_abandoned
D:2:      layout_rooms, serial_shops, nicolae_square_shop, minmay_tetromino_o2
D:3:      layout_rooms, minmay_misc_feat_ornament, uniq_sigmund, uniq_ijyb
D:4:      layout_rooms, ashenzari_conservatory_becter, kennysheep_mini_moat,
          mainiacjoe_overflow_surrounded_room,
          mainiacjoe_overflow_six_doors_small, nemelex_altar_shiori,
          jmf_multi_god_temple, uniq_blork_the_orc, uniq_eustachio
D:5:      layout_basic, nrook_uturn, st_stairs_6
D:6:      minmay_angry_zag, layout_loops_cross, serial_shops,
          nicolae_shop_advertising_works [nicolae_subvault_shop_adworks],
          minivault_26, nicolae_grassy_gnolls, uniq_menkaure, uniq_pikel,
          uniq_edmund

Skill      XL: |  1  2  3  4  5  6  7  8 |
---------------+-------------------------+-----
Earth Magic    | 4 |  4.4
Stealth        | 3 |  3.5
Polearms       | 2 3 |  3.2
Fighting       | 1 2 3 |  3.6
Armour         | 1 3 4 5 |  5.2
Dodging        | 2 |  2.1
Maces & Flails | 1 2 |  2.5
Staves         | 1 |  1.3
Throwing       | 1 |  1.6
Axes           | 2 5 |  5.3
Spellcasting   | |  2.9
Transmutations | |  1.1
Evocations     | |  0.2

Action                     |  1- 3 |  4- 6 |  7- 9 || total
---------------------------+-------+-------+-------++-------
  Melee: Spear             |    73 |       |       ||    73
         Mace              |     1 |       |       ||     1
         Whip              |     4 |    46 |       ||    50
         Staff             |       |    47 |       ||    47
         Broad axe         |       |    12 |    62 ||    74
  Throw: Dart              |     7 |       |     2 ||     9
         Stone             |     1 |     2 |     3 ||     6
   Cast: Sandblast         |     5 |       |       ||     5
  Evoke: Wand              |       |       |     4 ||     4
    Use: Scroll            |     8 |     3 |     4 ||    15
         Potion            |       |       |     2 ||     2
   Stab: Sleeping          |     2 |       |       ||     2
         Invisible         |       |       |     2 ||     2
 Armour: Robe              |     5 |       |       ||     5
         Ring mail         |     1 |       |       ||     1
         Plate armour      |    34 |    70 |    35 ||   139
  Dodge: Dodged            |    44 |    36 |    44 ||   124
